 Dungeon Crawl Stone Soup version 0.29-a0-878-g7b45a56547 (webtiles) character file.

Game seed: 15806916358268819856

515 PentaManta the Grappler (level 7, -11/57 HPs)
             Began as a Ghoul Monk on July 20, 2022.
             Was a Believer of Makhleb.
             Mangled by an ogre
             ... wielding a +0 giant spiked club
              (22 damage)
             ... on level 5 of the Dungeon.
             The game lasted 00:07:13 (3911 turns).

PentaManta the Grappler (Ghoul Monk)                Turns: 3911, Time: 00:07:14

Health: -11/57     AC:  7    Str: 17    XL:     7   Next: 20%
Magic:  6/6        EV: 10    Int:  5    God:    Makhleb [**....]
Gold:   180        SH:  0    Dex: 11    Spells: 6/6 levels left

rFire   + + .      SeeInvis +     - Unarmed
rCold   + + .      Faith    .   (no shield)
rNeg    + + +      Spirit   .   n - +0 scale mail
rPois   ∞          Reflect  .   (no helmet)
rElec   .          Harm     .   u - scarf {rC+ rF+}
rCorr   .          Rampage  .   (no gloves)
Will    .....                   s - +0 pair of boots "Ahuerchue" {rF+ SInv}
Stlth   ..........              (no amulet)
HPRegen 0.00/turn               (no ring)
MPRegen 0.10/turn               (no ring)

@: confused, ambrosia-drunk, inhibited regen
A: claws 1, cold resistance 1, negative energy resistance 3, inhibited
regeneration, torment resistance 2, devour on kill
a: Renounce Religion, Minor Destruction


You were on level 5 of the Dungeon.
You worshipped Makhleb.
Makhleb was pleased with you.
You visited 2 branches of the dungeon, and saw 6 of its levels.

You collected 180 gold pieces.

Inventory:

Missiles
 c - 6 atropa-tipped darts (quivered)
 g - 54 stones
 o - 2 datura-tipped darts
 w - 8 poisoned darts
Armour
 a - a +0 robe
 h - a +2 pair of gloves
 l - a +0 ring mail
 n - a +0 scale mail (worn)
 s - the +0 pair of boots "Ahuerchue" (worn) {rF+ SInv}
   (You found it on level 3 of the Dungeon)

   rF:        It protects you from fire.
   SInv:      It lets you see invisible.
 u - a scarf of resistance (worn)
Magical Staves
 t - a staff of poison
Scrolls
 e - 3 scrolls of torment {unknown}
 f - 2 scrolls of identify {unknown}
 i - a scroll of enchant weapon {unknown}
 p - a scroll of vulnerability {unknown}
 r - 2 scrolls of enchant armour {unknown}
 v - a scroll of noise {unknown}
 x - a scroll of summoning {unknown}
 y - a scroll of fear {unknown}
Potions
 b - 2 potions of ambrosia
 d - 2 potions of resistance {unknown}
 j - 2 potions of degeneration {unknown}
 k - a potion of might
 m - a potion of flight {unknown}
 q - a potion of haste {unknown}


   Skills:
 - Level 3.2 Fighting
 - Level 2.6 Dodging
 - Level 2.1 Stealth
 + Level 8.8 Unarmed Combat


You had 6 spell levels left.
You didn't know any spells.
Your spell library contained the following spells:

 Spells                   Type           Power      Damage    Failure   Level
 Slow                     Hex            0%         N/A       89%         1
 Ensorcelled Hibernation  Hex/Ice        0%         N/A       96%         2
 Passwall                 Tmut/Erth      0%         N/A       96%         2
 Confusing Touch          Hex            0%         N/A       99%         3
 Swiftness                Air            0%         N/A       99%         3
 Vampiric Draining        Necr           0%         2d6       99%         3


Dungeon Overview and Level Annotations

Branches:
Dungeon (5/15)             Temple (1/1) D:4

Altars:
Ashenzari
Cheibriados
Dithmenos
Fedhas
Hepliaklqana
Kikubaaqudgha
Makhleb
Nemelex Xobeh
Qazlal
Ru
Trog
Uskayaw
Vehumet
Wu Jian
Xom
Yredelemnul

Shops:
D:3 :


Innate Abilities, Weirdness & Mutations

You are immune to poison.
You have sharp fingernails.
Your flesh is cold resistant. (rC+)
You are immune to negative energy. (rN+++)
You do not regenerate when monsters are visible.
You are immune to unholy pain and torment.
You thrive by killing the living.


Message History

The water moccasin is heavily wounded.
The water moccasin barely misses you.
You scratch the water moccasin.
The water moccasin is severely wounded.
The water moccasin barely misses you.
You claw the water moccasin!
You kill the water moccasin!
Makhleb accepts your kill.
You feel better.
You have reached level 7!
HP restored.
You see here a water moccasin corpse.
y - a scroll labelled XIZXANA GELE
w - 8 poisoned darts (gained 6)
You now have 180 gold pieces (gained 11).
An ogre comes into view. It is wielding a +0 giant spiked club.
The ogre moves out of view.
A shadow imp comes into view.
The shadow imp shouts!
The ogre hits you with a +0 giant spiked club!
You scratch the ogre but do no damage. You scratch the ogre.
The ogre is lightly wounded.
The ogre hits you with a +0 giant spiked club!
You scratch the ogre.
The ogre is moderately wounded.
An orc comes into view. It is wielding a +0 dagger.
You scratch the ogre.
The ogre is moderately wounded.
The ogre hits you with a +0 giant spiked club!!
* * * LOW HITPOINT WARNING * * *
You scratch the ogre.
The ogre is heavily wounded.
The ogre attacks as you move away! The ogre barely misses you.
Okay, then.
Okay, then.
You are confused.
You feel invigorated.
The ogre hits you with a +0 giant spiked club!!
You die...

...... ...... ......
###....# #..o...#
#^.....# ###
#5.....#
##.###O....##
##....@......#
#####............#
#.##...............
##.....#............
#...................
#..........#....?...
###......####.......
##......### ......#
#...###.#.#######.


You could see an ogre, a shadow imp and an orc.

Vanquished Creatures
  A water moccasin (D:5)
  A black bear (D:4)
  A scorpion (D:3)
  An orc priest (D:4)
  An iguana (D:4)
  3 orc wizards (D:4)
  5 adders
  A worm (D:2)
  3 dart slugs
  11 orcs
  9 endoplasms
  2 giant cockroaches
  8 goblins
  6 hobgoblins
  2 quokkas
  4 ball pythons
  4 bats
  3 frilled lizards
  5 kobolds
  3 rats
74 creatures vanquished.

Vanquished Creatures (others)
  24 plants (D:2)
24 creatures vanquished.

Grand Total: 98 creatures vanquished

Notes
Turn   | Place    | Note
-------+----------+-------------------------------------------
     0 | D:1      | PentaManta the Ghoul Monk began the quest for the Orb.
     0 | D:1      | Reached XP level 1. HP: 19/19 MP: 0/0
   212 | D:1      | Reached XP level 2. HP: 9/26 MP: 1/1
   216 | D:1      | Reached skill level 4 in Unarmed Combat
   645 | D:1      | Found a faded altar of an unknown god.
   805 | D:2      | Reached XP level 3. HP: 30/31 MP: 2/2
  1024 | D:2      | Found a basalt altar of Yredelemnul.
  1066 | D:2      | Identified the +3 short sword "Xisky" {speed, rF+ Str+4
                  | Stlth-}
  1105 | D:2      | Reached skill level 5 in Unarmed Combat
  1627 | D:2      | Reached XP level 4. HP: 38/38 MP: 3/3
  1922 | D:3      | Found Luen's Book Shoppe.
  2007 | D:3      | Noticed a scorpion
  2017 | D:3      | Killed a scorpion
  2018 | D:3      | Reached skill level 6 in Unarmed Combat
  2018 | D:3      | Reached XP level 5. HP: 37/45 MP: 4/4
  2247 | D:3      | Identified the +0 pair of boots "Ahuerchue" {rF+ SInv}
  2391 | D:3      | Found a stormy altar of Qazlal.
  2999 | D:4      | Found a staircase to the Ecumenical Temple.
  3013 | Temple   | Entered the Ecumenical Temple
  3013 | Temple   | Found a transporter.
  3013 | Temple   | Found a transporter.
  3016 | Temple   | Found a transporter.
  3016 | Temple   | Found a transporter.
  3035 | Temple   | Became a worshipper of Makhleb the Destroyer
  3035 | Temple   | Reached * piety under Makhleb
  3035 | Temple   | Reached ** piety under Makhleb
  3337 | D:4      | Noticed a black bear
  3360 | D:4      | Killed a black bear
  3361 | D:4      | Reached skill level 7 in Unarmed Combat
  3361 | D:4      | Reached XP level 6. HP: 50/51 MP: 5/5
  3392 | D:4      | Reached skill level 8 in Unarmed Combat
  3853 | D:5      | Entered Level 5 of the Dungeon
  3853 | D:5      | Noticed a water moccasin
  3860 | D:5      | Killed a water moccasin
  3861 | D:5      | Reached XP level 7. HP: 55/57 MP: 6/6
  3911 | D:5      | Mangled by an ogre

Illustrated notes

Levels and vault maps discovered:
D:1:      heliophobic_arrival_dark_side_of_the_moon, layout_basic,
          basic_ecumenical_altar
D:2:      layout_basic, basic_altar, interstate_on_off,
          minmay_tree_intersection, minmay_misc_feat_iff, serial_bayou_lagoon_a,
          moated_statue, chequers_big_river
D:3:      layout_loops_ring, grunt_qazlal_clouds, serial_shops, shop
D:4:      layout_basic, minmay_temple_entry_large_hall
D:5:      layout_cave_pools, tso_altar, okawaru_altar_gauntlet_db,
          patterned_corridor
Temple:   hellmonk_temple_divided_pantheon

Skill      XL: |  1  2  3  4  5  6 |
---------------+-------------------+-----
Unarmed Combat | 4 5 6 7 8 |  8.8
Fighting       | |  3.2
Dodging        | |  2.6
Stealth        | |  2.1

Action                   |  1- 3 |  4- 6 |  7- 9 || total
-------------------------+-------+-------+-------++-------
Melee: Unarmed           |    83 |   139 |     5 ||   227
       Punch             |     1 |     4 |       ||     5
Throw: Stone             |     9 |       |       ||     9
       Dart              |       |     2 |       ||     2
  Use: Potion            |       |       |     1 ||     1
 Stab: Sleeping          |     5 |       |       ||     5
Armor: Robe              |     5 |       |       ||     5
       Ring mail         |     4 |       |       ||     4
       Scale mail        |       |    59 |       ||    59
Dodge: Dodged            |    46 |    48 |     1 ||    95

Table legend: (Time is in decaauts)
 A = Elapsed time spent in this place.
 B = Non-inter-level travel time spent in this place.
 C = Inter-level travel time spent in this place.
 D = Time resting spent in this place.
 E = Time spent auto-exploring this place.
 F = Levels seen in this place.
 G = Mean time per level.
                   A        B        C        D        E       F      G
               +--------+--------+--------+--------+--------+-----+--------+
         Total |   3899 |   3737 |    162 |    229 |   2872 |   6 |  649.8 |
       Dungeon |   3855 |   3693 |    162 |    229 |   2872 |   5 |  771.0 |
        Temple |     43 |     43 |      0 |      0 |      0 |   1 |   43.0 |
               +--------+--------+--------+--------+--------+-----+--------+

Top non-repeatable levels by time:
     D:4: 1139 daAuts
     D:2: 1060 daAuts
     D:3: 804 daAuts
     D:1: 795 daAuts
     D:5: 55 daAuts
  Temple: 43 daAuts
